 Dungeon Crawl Stone Soup version 0.27.1-16-g815e20cd7a (webtiles) character file.

Game seed: 2742288038585482461

102 Descartes the Ducker (level 4, -1/19 HPs)
             Began as a Felid Warper on Nov 23, 2021.
             Was a Follower of Wu Jian.
             Succumbed to a water moccasin's poison
             ... on level 5 of the Dungeon.
             The game lasted 00:05:30 (6060 turns).

Descartes the Ducker (Felid Warper)                 Turns: 6060, Time: 00:05:31

Health: -1/19      AC:  1    Str:  8    XL:     4   Next: 49%
Magic:  8/8        EV: 19    Int: 15    God:    Wu Jian [*.....]
Gold:   195        SH:  0    Dex: 15    Spells: 7/7 levels left
                                        Lives:  0   Deaths: 1

rFire    . . .     SeeInvis +     - Unarmed
rCold    . . .     Faith    .   (shield unavailable)
rNeg     . . .     Spirit   .   (armour unavailable)
rPois    .         Reflect  .   (helmet unavailable)
rElec    .         Harm     .   (cloak unavailable)
rCorr    .         Rampage  .   (gloves unavailable)
Will     .....                  (boots unavailable)
Stlth    +.........             (no amulet)
HPRegen  0.06/turn              (no ring)
MPRegen  0.11/turn              (no ring)

@: lethally poisoned (-1 -> -16), quick
A: very small, claws 1, fangs 3, see invisible, speed 1, shaggy fur 1, stealthy
paws, no weapons or thrown items, no armour, multi-lived
a: Renounce Religion


You were on level 5 of the Dungeon.
You worshipped Wu Jian.
Wu Jian was aware of your devotion.
You visited 1 branch of the dungeon, and saw 5 of its levels.

You collected 195 gold pieces.

Inventory:

Missiles
 b - 147 stones
Jewellery
 o - a ring of fire
Wands
 p - a wand of digging (4)
Scrolls
 a - 2 scrolls of blinking
 f - 4 scrolls of identify {unknown}
 h - a scroll of holy word {unknown}
 i - a scroll of immolation {unknown}
 j - a scroll of summoning {unknown}
 k - 2 scrolls of magic mapping {unknown}
 l - 2 scrolls of teleportation {unknown}
 q - a scroll of enchant armour {unknown}
Potions
 c - 6 potions of curing {unknown}
 d - a potion of might {unknown}
 e - a potion of resistance {unknown}
 g - a potion of brilliance {unknown}
 m - a potion of berserk rage {unknown}
 n - a potion of mutation {unknown}
 r - 2 potions of heal wounds {unknown}


   Skills:
 - Level 2.0 Fighting
 * Level 6.0 Dodging
 + Level 3.3 Unarmed Combat
 - Level 2.0 Spellcasting
 + Level 5.9 Translocations


You had 7 spell levels left.
You didn't know any spells.
Your spell library contained the following spells:

 Spells                   Type           Power      Damage    Failure   Level
 Blink                    Tloc           N/A        N/A       3%          2
 Gell's Gravitas          Tloc           9%         N/A       6%          3
 Lesser Beckoning         Tloc           9%         N/A       6%          3
 Teleport Other           Tloc           19%        N/A       6%          3
 Manifold Assault         Tloc           19%        N/A       47%         5


Dungeon Overview and Level Annotations

Branches:
Dungeon (5/15)
 Temple: D:4-7

Altars:
Fedhas
Ru
Sif Muna
Wu Jian
Xom


Innate Abilities, Weirdness & Mutations

You have sharp claws.
You have razor-sharp teeth.
You have supernaturally acute eyesight. (SInv)
You cover ground quickly. (Speed+)
You are covered in fur. (AC +1)
Your paws help you pounce on unaware monsters.
You are incapable of wielding weapons or throwing items.
You cannot wear armour.
You gain extra lives every three experience levels.


Message History

The water moccasin is lightly wounded.
The water moccasin closely misses you.
You scratch the water moccasin but do no damage.
The water moccasin is lightly wounded.
The water moccasin barely misses you.
You scratch the water moccasin.
The water moccasin is moderately wounded.
The water moccasin completely misses you.
The water moccasin barely misses you.
You barely miss the water moccasin.
The water moccasin is moderately wounded.
The water moccasin completely misses you.
You closely miss the water moccasin.
The water moccasin is moderately wounded.
The water moccasin closely misses you.
You barely miss the water moccasin.
The water moccasin is moderately wounded.
The water moccasin bites you.
You are lethally poisoned!
The water moccasin poisons you!
You scratch the water moccasin.
The water moccasin is heavily wounded.
You feel very sick. The water moccasin closely misses you.
The water moccasin bites you!
* * * LOW HITPOINT WARNING * * *
You are too injured to fight recklessly!
You are too injured to fight recklessly!
You are too injured to fight recklessly!
You are too injured to fight recklessly!
You are too injured to fight recklessly!
You are too injured to fight recklessly!
You are too injured to fight recklessly!
You are too injured to fight recklessly!
You are too injured to fight recklessly!
You are too injured to fight recklessly!
You are too injured to fight recklessly!
You are too injured to fight recklessly!
You scratch the water moccasin.
The water moccasin is severely wounded.
You die...

########........#
.......'........+
########........# #........#
########........###
.......'...........
.#######........## ######
##+####+###............####.....
##........##....@................
.'...$....##....S.....#.####.####
##........##..........#.####.####
.+........''.....................
##...(....##..............##.####
5.S.......##..)..†........##.#
##........##..............##.#
#####.....................##.#
.................#........##.#


You could see a water moccasin.

Vanquished Creatures
  A howler monkey (D:5)
  A bullfrog skeleton (D:5)
  A killer bee zombie (D:5)
  A howler monkey skeleton (D:5)
  4 adders
  2 worms
  2 orcs
  6 ball pythons
  9 endoplasms
  3 giant cockroaches
  4 goblins
  4 hobgoblins
  7 kobolds
  5 quokkas
  4 bats
  A frilled lizard (D:1)
  4 rats
59 creatures vanquished.

Notes
Turn   | Place    | Note
-------+----------+-------------------------------------------
     0 | D:1      | Descartes the Felid Warper began the quest for the Orb.
     0 | D:1      | Reached XP level 1. HP: 9/9 MP: 4/4
   416 | D:1      | Reached XP level 2. HP: 13/13 MP: 6/6
  1173 | D:1      | Reached skill level 4 in Dodging
  1681 | D:2      | Found a faded altar of an unknown god.
  1686 | D:2      | Reached XP level 3. HP: 10/16 MP: 7/7
  1806 | D:2      | Reached skill level 5 in Translocations
  1823 | D:2      | Became a worshipper of the Wu Jian Council
  1823 | D:2      | Reached * piety under Wu Jian
  3342 | D:3      | Reached XP level 4. HP: 11/19 MP: 8/8
  3473 | D:3      | Found a blossoming altar of Fedhas.
  3500 | D:3      | Found a sacrificial altar of Ru.
  4140 | D:3      | Found a shimmering altar of Xom.
  4140 | D:3      | Found a shimmering blue altar of Sif Muna.
  4140 | D:3      | Found an ornate altar of the Wu Jian Council.
  4159 | D:3      | Reached skill level 5 in Dodging
  5103 | D:5      | Entered Level 5 of the Dungeon
  5151 | D:5      | Noticed a lemure
  5440 | D:5      | Noticed a water moccasin
  5761 | D:5      | Reached XP level 5. HP: 15/22 MP: 9/9
  6019 | D:5      | Reached skill level 6 in Dodging
  6047 | D:5      | HP: 1/22 [water moccasin (5)]
  6048 | D:5      | Slain by a water moccasin
  6049 | D:5      | Reached XP level 4. HP: -3/19 MP: 8/8
  6060 | D:5      | Succumbed to a water moccasin's poison

Illustrated notes

Levels and vault maps discovered:
D:1:      psy_arrival_dodecagon, layout_basic, minmay_stone_trees_small
D:2:      layout_basic, shapermc_ecumenical_altar_pompeii,
          kennysheep_generic_room_6
D:3:      layout_loops_cross, gammafunk_temple_overflow_claw,
          mainiacjoe_overflow_large_starburst
D:4:      layout_loops_cross
D:5:      layout_basic, minmay_temple_entry_slanted, wad_floor_pattern_2,
          guppyfry_early_orc_mine, uniq_pikel

Skill      XL: |  1  2  3  4  5 |
---------------+----------------+-----
Dodging        | 4 5 6 |  6.0
Translocations | 5 |  5.9
Unarmed Combat | 3 |  3.3
Fighting       | |  2.0
Spellcasting   | |  2.0

Action                   |  1- 3 |  4- 6 || total
-------------------------+-------+-------++-------
Melee: Unarmed           |   134 |   110 ||   244
       Punch             |     4 |       ||     4
       Bite              |    10 |    11 ||    21
Invok: Lunge             |     3 |     9 ||    12
       Whirlwind         |     1 |     3 ||     4
 Stab: Sleeping          |     6 |       ||     6
Armor: Skin              |     7 |     3 ||    10
Dodge: Dodged            |    90 |    86 ||   176
